AoeStats
← The Toope

Black Forest

508545591Analyzed
3v3 RM · 9d ago on Sep 23, 2026· 47m 40s· 6 players
Game mode
Random Map
Map size
Normal (6 player)
Population
200
Speed
Normal
Resources
Standard
Victory
Conquest
Starting age
Dark Age
Ending age
Imperial Age
RankedLock teamsTeams togetherTeam positionsShared explorationLock speedFull tech treeHidden civsTurbo modeCheats
Victory
Defeat
🇨🇴 Goths · Colombia
1157
+17
🇺🇸 Danes · United States
1142
+17
🇺🇾 Saxons · Uruguay
1086
+20
🇨🇦 Turks · Canada
1173
-18
🇨🇦 Bohemians · Canada
1173
-18
🇨🇦 Franks · Canada
1172
-18
bandreol
0:26 Loom
10:36 Feudal Age
13:02 Double-Bit Axe
15:12 Man-at-Arms
17:06 Horse Collar
25:36 Castle Age
25:03 Arson
25:11 Fletching
25:29 Stone Mining
27:32 Gold Mining
28:20 Bow Saw
28:46 Bloodlines
28:38 Husbandry
29:12 Scale Barding Armor
30:31 Chain Barding Armor
31:10 Guard Tower
33:40 Wheelbarrow
33:32 Forging
34:06 Treadmill Crane
35:58 Masonry
36:27 Iron Casting
36:35 Heavy Plow
37:04 Squires
37:08 Scale Mail Armor
37:27 Fishing Lines
38:53 Chain Mail Armor
39:06 Gillnets
39:56 Fortified Wall
39:33 Town Watch
44:25 Imperial Age
42:47 Bodkin Arrow
43:05 Careening
45:36 Gold Shaft Mining
44:27 Cavalier
45:53 Shield Wall
46:54 Conscription
47:12 Hoardings
48:47 Two-Man Saw
48:20 Crop Rotation
Returned_Legend
11:41 Feudal Age
9:59 Loom
16:31 Castle Age
14:39 Double-Bit Axe
16:10 Gold Mining
16:11 Stone Mining
18:10 Bow Saw
21:40 Wheelbarrow
20:54 Horse Collar
21:44 Scale Mail Armor
21:56 Forging
21:48 Fletching
26:35 Padded Archer Armor
27:33 Leather Archer Armor
28:16 Hand Cart
29:31 Bodkin Arrow
30:04 Ballistics
30:48 Gold Shaft Mining
31:54 Thumb Ring
32:34 Town Watch
33:07 Caravan
37:13 Imperial Age
36:42 Stone Shaft Mining
37:47 Masonry
38:38 Conscription
37:40 Elite Jomsviking
37:45 Heavy Mounted Crossbowman
37:46 Cranequins
38:29 Bracer
39:01 Ring Archer Armor
39:35 Chemistry
38:12 Capped Ram
39:23 Onager
41:16 Iron Casting
40:57 Chain Mail Armor
41:36 Siege Onager
42:10 Cranequins
43:54 Coinage
42:56 Siege Ram
DonBarredora664
0:58 Loom
12:48 Feudal Age
13:41 Double-Bit Axe
16:43 Town Watch
19:44 Castle Age
19:32 Stone Mining
19:43 Horse Collar
20:35 Bow Saw
21:25 Gold Mining
22:14 Fishing Lines
23:09 Fletching
24:10 Wheelbarrow
24:04 Bodkin Arrow
30:57 Imperial Age
30:06 Masonry
29:36 Pikeman
30:16 Squires
30:21 Scale Mail Armor
31:04 Ballistics
31:40 Chain Mail Armor
31:36 Forging
33:21 Chemistry
33:41 Architecture
33:57 Conscription
34:26 Bracer
35:19 Iron Casting
37:20 Halberdier
38:55 Stone Shaft Mining
39:30 Blast Furnace
41:01 Two-Man Saw
42:05 Heavy Plow
42:46 Anarchy
43:05 Hand Cart
47:05 Perfusion
46:54 Treadmill Crane
Dradis
0:31 Loom
14:08 Feudal Age
19:22 Castle Age
24:00 Imperial Age
30:50 Padded Archer Armor
31:00 Double-Bit Axe
36:15 Leather Archer Armor
46:04 Ring Archer Armor
Mr. Snrub
0:26 Loom
13:22 Feudal Age
34:07 Double-Bit Axe
36:59 Castle Age
35:20 Double-Bit Axe
38:07 Castle Age
39:07 Husbandry
38:48 Pikeman
39:28 Squires
39:37 Scale Barding Armor
39:42 Forging
39:34 Scale Mail Armor
39:46 Forging
40:53 Bow Saw
40:35 Fishing Lines
41:54 Chain Barding Armor
41:52 Chain Mail Armor
42:58 Wheelbarrow
44:59 Crossbowman
44:59 Elite Skirmisher
45:19 Elite Skirmisher
46:13 Light Cavalry
The Toope
0:26 Loom
13:02 Feudal Age
18:25 Castle Age
16:13 Double-Bit Axe
16:12 Horse Collar
20:49 Wheelbarrow
21:26 Bow Saw
24:46 Heavy Plow
31:20 Imperial Age
30:30 Chemistry
30:53 Caravan
31:44 Forging
32:17 Ballistics
32:21 Husbandry
33:40 Fletching
34:03 Wagenburg Tactics
35:22 Hand Cart
37:08 Siege Engineers
40:12 Two-Man Saw
38:58 Cavalier
39:48 Scale Barding Armor
39:13 Heavy Scorpion
42:47 Iron Casting
44:07 Houfnice
Connection lost

Rejoining the realm…

Still unreachable

The connection could not be restored.

Session expired

The server has moved on; the page needs a fresh start.